 Dungeon Crawl Stone Soup version 0.13.2 (webtiles) character file.

509 DocSulfur the Ruinous (level 6, -7/36 HPs)
             Began as a High Elf Conjurer on Jan 8, 2021.
             Was an Initiate of Vehumet.
             Killed from afar by Sigmund (10 damage)
             ... with a puff of flame
             ... on Level 3 of the Dungeon.
             The game lasted 00:24:57 (4805 turns).

DocSulfur the Ruinous (High Elf Conjurer)           Turns: 4805, Time: 00:24:58

HP  -7/36        AC  3     Str  7      XL: 6   Next: 19%
MP  12/18        EV 13     Int 21      God: Vehumet [......]
Gold 195         SH  0     Dex 16      Spells:  3 memorised,  7 levels left

Res.Fire  : . . .   See Invis. : .   u - staff of poison
Res.Cold  : . . .   Warding    : .   a - +0 elf robe
Life Prot.: . . .   Conserve   : .   (no shield)
Res.Poison: +       Res.Corr.  : .   (no helmet)
Res.Elec. : .       Clarity    : .   (no cloak)
Sust.Abil.: . .     Spirit.Shd : .   (no gloves)
Res.Mut.  : .       Stasis     : .   p - +0 pair of boots
Res.Rott. : .       Flight     : .   (no amulet)
Saprovore : . . .                    n - cursed ring of fire
                                     j - ring of ice

@: confused, slightly resistant to hostile enchantments, very unstealthy
A: no striking features
a: Renounce Religion


You were on level 3 of the Dungeon.
You worshipped Vehumet.
Vehumet was noncommittal.
You were very hungry.

You visited 2 branches of the dungeon, and saw 7 of its levels.

You collected 175 gold pieces.

Inventory:

Missiles
 e - 5 poisoned needles
 h - a throwing net [torn] (quivered)
Armour
 a - a +0 elven robe (worn)
 p - a +0 pair of boots (worn)
Magical devices
 q - a wand of frost (11)
Comestibles
 g - a snozzcumber
 k - an apple
 l - 2 meat rations
 w - a bread ration
Scrolls
 b - 2 scrolls of fog {unknown}
 f - 4 scrolls of remove curse
 m - a scroll of blinking {unknown}
 o - a scroll of fear {unknown}
 r - a scroll of random uselessness {unknown}
 t - a scroll of immolation {unknown}
Jewellery
 i - an uncursed ring of flight
 j - a ring of ice (left hand)
 n - a cursed ring of fire (right hand)
Potions
 d - a potion of brilliance
 s - 2 potions of curing {unknown}
 v - a potion of berserk rage {unknown}
Books
 c - a book of Conjurations

   Spells                             Type                      Level
   *Magic Dart                        Conjuration                  1
   *Searing Ray                       Conjuration                  2
   Dazzling Spray                     Conjuration/Hexes            3
   *Iskenderun's Mystic Blast         Conjuration                  4
   Iskenderun's Battlesphere          Conjuration/Charms           4
   Fulminant Prism                    Conjuration/Hexes            5
Magical staves
 u - an uncursed staff of poison (weapon)


   Skills:
 - Level 2.1 Dodging
 - Level 2.1 Stealth
 + Level 4.8 Spellcasting
 + Level 6.6 Conjurations


You had 7 spell levels left.
You knew the following spells:

 Your Spells              Type           Power        Failure   Level  Hunger
a - Magic Dart            Conj           ####         1%          1    None
b - Searing Ray           Conj           ####..       1%          2    None
c - Iskenderun's Mystic   Conj           ####....     10%         4    ####...


Dungeon Overview and Level Annotations

Branches:
Dungeon (6/27)             Temple (1/1) D:6
    Orc: D:6-11

Altars:
Ashenzari
Cheibriados
Elyvilon
Fedhas
Kikubaaqudgha
Makhleb
Nemelex Xobeh
Okawaru
Sif Muna
Trog
Vehumet
Zin

Annotations:
D:3 Sigmund
D:6 exclusion: phantom


Message History

Ouch! You hear some strange, mumbled words.
You are more confused.
The magic dart hits you!
Ouch! The magic dart hits you!
Ouch! The magic dart hits you!
* * * LOW HITPOINT WARNING * * *
You are more confused.
You're too confused!
Something tries to affect you, but you resist.
Ouch! The magic dart hits you!
* * * LOW HITPOINT WARNING * * *
You hear some strange, mumbled words.
Something tries to affect you, but you resist.
Ouch! It hits you.
* * * LOW HITPOINT WARNING * * *
Your magical contamination has completely faded away.
Ouch! The puff of flame hits you!
You die...

# #.# ############## # #.#
#.....@....... # #.# #.#
########## # #.# #.#
#......... ########.# #.#
#.#######. .........# #.#
#......... ########'### #.#
#.!.#####.
#...(...#########{###...#####.
#.......'....@..{..>..........
#.......#########.#.#...#####.
#.......# #.#.#...# #.
#.......# ######### #.
#######.# #♣♣♣♣♣♣ #.
#.####♣♣♣♣♣♣♣♣ #.
#.##....♣.♣♣♣# #.
#.#......♣..♣# ##
#.......♣♣♣♣.....#


There were no monsters in sight!

Vanquished Creatures
  A crimson imp (D:6)
  Crazy Yiuf (D:3)
  2 iguanas (D:6)
  Ijyb (D:3)
  9 adders
  A worm (D:6)
  A giant mite (D:2)
  A giant gecko (D:3)
  An ooze (D:1)
  6 orcs
  8 hobgoblins
  2 quokkas
  10 bats
  5 giant cockroaches
  5 giant newts
  11 goblins
  A hobgoblin skeleton (D:4)
  3 jackals (D:1)
  8 kobolds
  An orc zombie (D:6)
  9 rats
87 creatures vanquished.

Notes
Turn   | Place    | Note
--------------------------------------------------------------
     0 | D:1      | DocSulfur, the High Elf Conjurer, began the quest for the Orb.
     0 | D:1      | Reached XP level 1. HP: 11/11 MP: 4/4
   200 | D:1      | Reached XP level 2. HP: 10/17 MP: 0/6
   207 | D:1      | Learned a level 2 spell: Searing Ray
   793 | D:1      | Reached XP level 3. HP: 19/21 MP: 1/8
   863 | D:1      | Reached skill level 5 in Conjurations
  1770 | D:2      | Reached XP level 4. HP: 3/27 MP: 0/12
  2836 | D:3      | Noticed Ijyb
  2861 | D:3      | Killed Ijyb
  2958 | D:3      | Found a blossoming altar of Fedhas.
  3043 | D:3      | Noticed Crazy Yiuf
  3089 | D:3      | Paralysed by Crazy Yiuf for 3 turns
  3100 | D:3      | Killed Crazy Yiuf
  3100 | D:3      | Reached skill level 6 in Conjurations
  3100 | D:3      | Reached XP level 5. HP: 8/31 MP: 1/14
  3716 | D:3      | You fall through a shaft!
  3936 | D:6      | Noticed a phantom
  4163 | D:6      | Reached XP level 6. HP: 29/36 MP: 4/18
  4263 | D:6      | Found a staircase to the Ecumenical Temple.
  4310 | Temple   | Entered the Ecumenical Temple
  4517 | Temple   | Became a worshipper of Vehumet
  4592 | D:5      | Entered Level 5 of the Dungeon
  4767 | D:3      | Noticed Sigmund
  4776 | D:3      | Learned a level 4 spell: Iskenderun's Mystic Blast
  4805 | D:3      | Killed from afar by Sigmund

Action                   |  1- 3 |  4- 6 || total
-------------------------+-------+-------++-------
Melee: Staff             |       |     1 ||     1
Throw: Throwing net      |       |     1 ||     1
 Cast: Magic Dart        |    44 |    34 ||    78
       Searing Ray       |    17 |    33 ||    50
       Iskenderun's Myst |       |     1 ||     1
  Use: Potion            |     2 |       ||     2
       Scroll            |       |     5 ||     5
